 Dungeon Crawl Stone Soup version 0.31-a0-233-g139696dc86 (webtiles) character file.

Game seed: 6557231216022137007

556 qw the Shooter (level 7, -3/44 HPs)
             Began as a Gargoyle Hexslinger on July 8, 2023.
             Slain by Pikel
             ... wielding a +2 whip of freezing
              (9 damage)
             ... on level 4 of the Dungeon.
             The game lasted 00:01:35 (2897 turns).

qw the Shooter (Gargoyle Hexslinger)                Turns: 2897, Time: 00:01:35

Health: -3/44      AC: 13    Str: 11    XL:     7   Next: 30%
Magic:  8/8        EV: 15    Int: 14    God:
Gold:   283        SH:  0    Dex: 14    Spells: 7/8 levels left

rFire   . . .        Y - +2 sling
rCold   . . .        (no shield)
rNeg    + . .        e - +1 ring mail {rPois}
rPois   inf          g - +1 helmet
rElec   +            (no cloak)
rCorr   .            (no gloves)
SInv    .            (no boots)
Will    .....        i - amulet of regeneration
Stlth   +            m - +5 ring of evasion
HPRegen 1.07/turn    (no ring)
MPRegen 0.11/turn

%: no passive effects
@: no status effects
A: sickness immunity, AC +4, negative energy resistance 1, electricity
resistance, torment resistance 1, petrification resistance
a: no special abilities


You were on level 4 of the Dungeon.
You visited 1 branch of the dungeon, and saw 4 of its levels.

You collected 283 gold pieces.


Innate Abilities, Weirdness & Mutations

You are immune to sickness and miasma.
Your stone body is resilient. (AC +4)
You are immune to poison.
You resist negative energy. (rN+)
You are resistant to electric shocks. (rElec)
You are resistant to unholy torment.
You are immune to petrification.


   Skills:
 - Level 5.1 Fighting
 + Level 6.1 Ranged Weapons
 - Level 1.0 Armour
 - Level 1.5 Dodging
 - Level 1.0 Spellcasting
 - Level 2.6 Hexes


You had 7 spell levels left.
You knew the following spells:

 Your Spells              Type           Power      Damage    Failure   Level
a - Slow                  Hex            32%        N/A       21%         1

Your spell library contained the following spells:

 Spells                   Type           Power      Damage    Failure   Level
 Inner Flame              Hex/Fire       4%         N/A       71%         3
 Portal Projectile        Hex/Tloc       8%         N/A       71%         3
 Cause Fear               Hex            4%         N/A       90%         4

Inventory:

Hand Weapons
 Y - a +2 sling (weapon)
Armour
 e - a +1 ring mail of poison resistance (worn)
 g - a +1 helmet (worn)
Jewellery
 i - an amulet of regeneration (around neck)
 m - a +5 ring of evasion (left hand)
 n - a ring of positive energy
 p - a +6 ring of dexterity
 q - a ring of ice
Scrolls
 b - 3 scrolls of teleportation
 d - 3 scrolls of identify
 r - a scroll of torment {unknown}
Potions
 a - a potion of might
 c - a potion of mutation {unknown}
 f - a potion of curing {unknown}
 h - a potion of heal wounds {unknown}
 j - a potion of brilliance {unknown}
 k - a potion of attraction {unknown}
 l - 3 potions of degeneration {unknown}
 o - 3 potions of enlightenment {unknown}

Dungeon Overview and Level Annotations

Branches:
Dungeon (4/15)
 Temple: D:4-7

Altars:

Annotations:
D:4 2 runed translucent doors, Pikel; qw's ghost, amateur GrHs


Message History

The lemure hits you but does no damage. Pikel closely misses you.
Pikel hits you with a +2 whip of freezing.
Pikel freezes you.
The lemure hits you but does no damage. x2
You shoot a sling bullet. The sling bullet hits Pikel.
Pikel is lightly wounded.
The lemure hits you but does no damage. The lemure hits you.
Pikel hits you with a +2 whip of freezing.
Pikel freezes you.
You shoot a sling bullet.
The sling bullet hits Pikel but does no damage.
Pikel is lightly wounded.
The lemure misses you. The lemure barely misses you. Pikel barely misses you.
You shoot a sling bullet. The sling bullet closely misses Pikel.
The lemure hits you.
Pikel hits you with a +2 whip of freezing.
Pikel freezes you. The lemure hits you but does no damage.
You shoot a sling bullet. The sling bullet barely misses Pikel.
The lemure closely misses you. The lemure hits you but does no damage.
Pikel hits you but does no damage.
Pikel hits you with a +2 whip of freezing.
Pikel freezes you. The lemure barely misses you.
The lemure hits you but does no damage.
You shoot a sling bullet. The sling bullet hits Pikel.
Pikel is lightly wounded.
The lemure hits you! The lemure closely misses you. Pikel misses you.
You shoot a sling bullet. The sling bullet closely misses Pikel.
The lemure misses you. Pikel closely misses you. The lemure barely misses you.
You shoot a sling bullet.
The sling bullet hits Pikel but does no damage.
Pikel is lightly wounded.
The lemure hits you but does no damage. The lemure barely misses you.
Pikel hits you with a +2 whip of freezing.
Pikel freezes you.
You shoot a sling bullet. The sling bullet hits Pikel.
Pikel is lightly wounded.
The lemure hits you. x2
Pikel hits you with a +2 whip of freezing.
Pikel freezes you.
Pikel hits you with a +2 whip of freezing!
You die...

#.#..#...##.#....#.# #.#.).#
#................#.###.#.#..
######......................
###.##.#.#.##.##.....##
#.##.#.#.##.##..%..##
#.##.#.#.##.##.....##
#........##.##.....#.
####.#...%.........#.
#@##...........##.
#.....K55............##.
#............<..........
#....................#..
#.......................
#...................##.[
#...................##..
#.........#############. #.


You could see Pikel and 2 lemures.

Vanquished Creatures
  Grinder (D:4)
  Eustachio (D:4)
  2 lemures (D:4)
  A sleepcap (D:4)
  An orc wizard (D:4)
  A gnoll (D:2)
  6 adders
  An ufetubus (D:3)
  A worm (D:2)
  5 dart slugs
  16 orcs
  3 ball pythons
  7 endoplasms
  3 giant cockroaches
  4 goblins
  8 hobgoblins
  2 jackals (D:1)
  3 quokkas
  5 bats
  6 frilled lizards
  8 kobolds
  7 rats
92 creatures vanquished.

Notes
Turn   | Place    | Note
-------+----------+-------------------------------------------
     0 | D:1      | qw the Gargoyle Hexslinger began the quest for the Orb.
     0 | D:1      | Reached XP level 1. HP: 12/12 MP: 2/2
     0 | D:1      | 0 ||| qw: Version: 0.3-a-46-gb1f654a
     0 | D:1      | 0 ||| qw: Game counter: 3662
     0 | D:1      | 0 ||| qw: Melee chars always use a shield: true
     0 | D:1      | 0 ||| qw: God list: Okawaru
     0 | D:1      | 0 ||| qw: Allow faded altars: false
     0 | D:1      | 0 ||| qw: Do Orc after clearing Dungeon:15 true
     0 | D:1      | 0 ||| qw: Do second Lair branch before Depths: true
     0 | D:1      | 0 ||| qw: Lair rune preference: random
     0 | D:1      | 0 ||| qw: Goals: Normal
     0 | D:1      | 0 ||| PLANNING D:1-11
   153 | D:1      | Reached XP level 2. HP: 16/16 MP: 3/3
   221 | D:1      | Reached skill level 3 in Ranged Weapons
   551 | D:1      | Reached XP level 3. HP: 21/21 MP: 4/4
   631 | D:1      | 631 ||| UPGRADING to +0 leather armour.
   641 | D:1      | 641 ||| DROPPING +0 robe.
   642 | D:1      | 642 ||| UPGRADING to amulet of regeneration.
   647 | D:1      | 647 ||| READING scroll labelled TIROEN GOQE.
   648 | D:1      | 648 ||| READING scroll labelled PYTANUE ITSI.
   649 | D:1      | 649 ||| READING scroll labelled CYNYEN WAOGE.
   650 | D:1      | 650 ||| READING scroll labelled GENIPNOPECS.
   651 | D:1      | 651 ||| READING scroll labelled SUL EQANUDO.
   652 | D:1      | 652 ||| DROPPING scroll of poison.
   836 | D:2      | Reached XP level 4. HP: 22/26 MP: 5/5
   859 | D:2      | Reached skill level 4 in Ranged Weapons
   885 | D:2      | Found a faded altar of an unknown god.
  1214 | D:2      | 1214 ||| UPGRADING to +0 ring mail.
  1224 | D:2      | 1224 ||| DROPPING +0 leather armour.
  1225 | D:2      | 1225 ||| READING scroll labelled RAOPPI LALEY.
  1326 | D:2      | 1326 ||| READING scroll labelled UGUARU GUSTAB.
  1327 | D:2      | 1327 ||| READING scroll labelled SELASI QIUCORU.
  1330 | D:2      | 1330 ||| READING 2 scrolls of identify.
  1330 | D:2      | 1330 ||| IDENTIFYING ruby potion
  1557 | D:3      | Reached skill level 1 in Armour
  1771 | D:3      | Reached XP level 5. HP: 27/30 MP: 6/6
  2194 | D:3      | 2194 ||| UPGRADING to +1 ring mail of poison resistance.
  2204 | D:3      | 2204 ||| DROPPING +0 ring mail.
  2205 | D:3      | 2205 ||| UPGRADING to +0 helmet.
  2210 | D:3      | 2210 ||| UPGRADING to +5 ring of evasion.
  2211 | D:3      | 2211 ||| READING scroll labelled AFOPSICRYE.
  2225 | D:4      | 2225 ||| STAIRDANCE
  2243 | D:4      | 2243 ||| Stepping ~*~*~tactically~*~*~ (outnumbered).
  2245 | D:4      | 2245 ||| Stepping ~*~*~tactically~*~*~ (outnumbered).
  2246 | D:4      | 2246 ||| Stepping ~*~*~tactically~*~*~ (outnumbered).
  2263 | D:4      | HP: 4/30 [orc/+0 trident (5)]
  2264 | D:4      | 2264 ||| READING 3 scrolls of teleportation.
  2266 | D:4      | HP: 1/30 [orc/+0 flail (3)]
  2300 | D:4      | Noticed Eustachio
  2332 | D:4      | Killed Eustachio
  2333 | D:4      | Reached skill level 6 in Ranged Weapons
  2333 | D:4      | Reached XP level 6. HP: 11/35 MP: 7/7
  2439 | D:4      | Reached skill level 3 in Fighting
  2463 | D:4      | Found a runed translucent door.
  2487 | D:4      | Noticed Grinder
  2497 | D:4      | Paralysed by Grinder for 5 turns
  2505 | D:4      | Killed Grinder
  2506 | D:4      | Reached XP level 7. HP: 44/44 MP: 8/8
  2587 | D:4      | 2587 ||| READING scroll of enchant armour.
  2587 | D:4      | 2587 ||| ENCHANTING +0 helmet.
  2689 | D:4      | Found a runed translucent door.
  2690 | D:4      | Noticed qw's ghost (amateur GrHs)
  2884 | D:4      | Noticed Pikel
  2897 | D:4      | HP: 9/44 [lemure[Pikel] (3)]
  2897 | D:4      | Slain by Pikel

Levels and vault maps discovered:
D:1:      amcnicky_arrival_flooded_fountain, layout_loops_ring, st_stairs_5
D:2:      layout_basic, ebering_ecumenical_altar_webs, st_stairs_12
D:3:      layout_loops_corners
D:4:      layout_basic, overflow_temple_1_default,
          minmay_temple_entry_statues_pillars, ebering_ghost_sewer_f,
          minmay_pentangle, uniq_grinder, uniq_eustachio, uniq_pikel

Skill      XL: |  1  2  3  4  5  6 |
---------------+-------------------+-----
Ranged Weapons | 3 4 6 |  6.1
Fighting       | 2 5 |  5.1
Armour         | 1 |  1.0
Dodging        | |  1.5
Spellcasting   | |  1.0
Hexes          | |  2.6

Action                     |  1- 3 |  4- 6 |  7- 9 || total
---------------------------+-------+-------+-------++-------
   Fire: Sling             |   125 |   231 |    58 ||   414
    Use: Scroll            |     5 |     6 |     1 ||    12
 Armour: Robe              |    11 |       |       ||    11
         Leather armour    |    12 |     7 |       ||    19
         Ring mail         |       |    83 |    29 ||   112
  Dodge: Dodged            |    42 |   175 |    51 ||   268

Table legend:
 A = Non-vault XP
 B = Vault XP
 C = Vault XP percentage of total XP
 D = Non-vault monster count
 E = Vault monster count
 F = Vault count percentage of total count
                 A         B        C        D         E       F
            +---------+---------+-------+---------+---------+-------
      Total |     321 |     474 |  59.6 |      83 |       7 |   7.8
            +---------+---------+-------+---------+---------+-------
        D:1 |      32 |       3 |   8.6 |      18 |       3 |  14.3
        D:2 |      78 |      16 |  17.0 |      21 |       2 |   8.7
        D:3 |      58 |       0 |   0.0 |      20 |       0 |   0.0
        D:4 |     153 |     455 |  74.8 |      24 |       2 |   7.7
            +---------+---------+-------+---------+---------+-------
